 Dungeon Crawl Stone Soup version 0.28-a0-1167-g616b1c6417 (webtiles) character file.

Game seed: 12047969172831494478

10169 Ijustatesigmund the Fighter (level 11, -6/73 HPs)
             Began as a Gargoyle Gladiator on Dec 16, 2021.
             Was an Elder of Cheibriados.
             Mangled by a gargoyle (13 damage)
             ... on level 11 of the Dungeon.
             The game lasted 00:18:18 (15896 turns).

Ijustatesigmund the Fighter (Gargoyle Gladiator)   Turns: 15896, Time: 00:18:18

Health: -6/73      AC: 25    Str: 28    XL:     11   Next: 57%
Magic:  18/18      EV: 10    Int: 21    God:    Cheibriados [****..]
Gold:   549        SH:  5    Dex: 20    Spells: 10/10 levels left

rFire   . . .      SeeInvis .   a - +2 flail
rCold   . . .      Faith    .   (no shield)
rNeg    + . .      Spirit   .   b - +0 chain mail
rPois   ∞          Reflect  +   c - +1 helmet
rElec   +          Harm     .   (no cloak)
rCorr   .          Rampage  .   C - +0 pair of gloves
Will    .....                   k - +1 pair of boots
Stlth   ..........              x - amulet of reflection
HPRegen 0.22/turn               e - +4 ring of slaying
MPRegen 0.16/turn               (no ring)

@: very slow
A: sickness immunity, AC +8, negative energy resistance 1, electricity
resistance, torment resistance 1, petrification resistance
a: Renounce Religion, Bend Time, Temporal Distortion, Slouch


You were on level 11 of the Dungeon.
You worshipped Cheibriados.
Cheibriados was greatly pleased with you.
You visited 2 branches of the dungeon, and saw 12 of its levels.
You also visited: Ossuary.

You collected 549 gold pieces.

Inventory:

Hand Weapons
 a - a +2 flail (weapon)
Missiles
 p - 31 poisoned darts (quivered)
 y - 4 throwing nets
Armour
 b - a +0 chain mail (worn)
 c - a +1 helmet (worn)
 k - a +1 pair of boots (worn)
 C - a +0 pair of gloves (worn)
Jewellery
 e - a +4 ring of slaying (left hand)
 o - a ring of wizardry
 x - an amulet of reflection (around neck)
 A - a ring of fire
Wands
 d - a wand of polymorph (3)
 n - a wand of iceblast (13)
 z - a wand of flame (13)
Scrolls
 g - a scroll of enchant armour
 j - a scroll of immolation
 u - a scroll of amnesia
 v - a scroll of fear
Potions
 f - a potion of ambrosia
 h - 3 potions of curing
 i - 3 potions of attraction
 m - 3 potions of flight
 q - 4 potions of heal wounds {unknown}
 r - 3 potions of lignification {unknown}
 s - a potion of mutation {unknown}
 t - a potion of cancellation {unknown}
 B - a potion of magic {unknown}


   Skills:
 + Level 10.7 Fighting
 + Level 10.1 Maces & Flails
 - Level 1.7 Throwing
 - Level 8.3 Armour
 - Level 2.4 Dodging
 + Level 9.9 Invocations


You had 10 spell levels left.
You didn't know any spells.
Your spell library contained the following spells:

 Spells                   Type           Power      Damage    Failure   Level
 Dazzling Flash           Conj/Hex       0%         N/A       94%         3
 Agony                    Necr           0%         N/A       100%        5
 Fireball                 Conj/Fire      0%         3d3       100%        5
 Iskenderun's Battlesphe  Conj           0%         2d6       100%        5
 Silence                  Hex/Air        0%         N/A       100%        5
 Conjure Ball Lightning   Conj/Air       0%         3x3d6     100%        6
 Orb of Destruction       Conj           0%         N/A       100%        7


Dungeon Overview and Level Annotations

Branches:
Dungeon (11/15)            Temple (1/1) D:4            Lair (0/6) D:9
Ossuary (visited)
    Orc: D:9-12

Altars:
Ashenzari
Cheibriados
Dithmenos
Elyvilon
Fedhas
Gozag
Hepliaklqana
Kikubaaqudgha
Makhleb
Nemelex Xobeh
Okawaru
Qazlal
Ru
Sif Muna
Trog
Uskayaw
Vehumet
Wu Jian
Xom
Yredelemnul
Zin
The Shining One


Innate Abilities, Weirdness & Mutations

You are immune to sickness and miasma.
Your stone body is resilient. (AC +8)
You are immune to poison.
You resist negative energy. (rN+)
You are resistant to electric shocks. (rElec)
You are resistant to unholy torment.
You are immune to petrification.


Message History

You see here a yak corpse.
The gargoyle hurls a stone arrow at you.
The stone arrow hits you!
Things that are here:
a +0 flail; a +0 shortbow; 15 arrows
Okay, then.
Okay, then.
You start resting.
A gargoyle is nearby!
The gargoyle barely misses you.
Things that are here:
a +0 flail; a +0 shortbow; 15 arrows You sock the gargoyle!
The gargoyle is moderately damaged.
The gargoyle hits you with a +0 morningstar.
You barely miss the gargoyle.
The gargoyle is moderately damaged.
The gargoyle closely misses you.
You hit the gargoyle but do no damage.
The gargoyle is moderately damaged.
You block the gargoyle's attack.
You closely miss the gargoyle.
The gargoyle is moderately damaged.
The gargoyle hits you with a +0 morningstar.
You barely miss the gargoyle.
The gargoyle is moderately damaged.
The gargoyle hurls a stone arrow at you.
The stone arrow hits you.
You barely miss the gargoyle.
The gargoyle is moderately damaged.
The gargoyle hits you with a +0 morningstar!!
* * * LOW HITPOINT WARNING * * *
You hit the gargoyle.
The gargoyle is moderately damaged.
The gargoyle hits you with a +0 morningstar!
* * * LOW HITPOINT WARNING * * *
You bludgeon the gargoyle!!
The gargoyle is almost destroyed.
The gargoyle hits you with a +0 morningstar!
You die...

... ........ ... ...^...
#.. ..c...c ###.# ##..#..#
# ##...# #.....# #..
##....###...#.#).......#
#.........##)..............
##......).#.†.#............
#..##....@†###............
#####...##9.#............#
#.......)...............
###.......................
#.........................
# #............##...†.##.
#.##............###....#
##.#..............###.#.#
..................# ......


You could see a gargoyle.

Vanquished Creatures
  Harold (D:10)
  2 centaur warriors (D:11)
  A manticore (D:11)
  A komodo dragon (D:11)
  4 kobold demonologists (D:10)
  A hornet (D:9)
  A wyvern (D:8)
  A wraith (D:11)
  11 yaks
  A steam dragon (D:8)
  2 water moccasins
  An ice beast (D:6)
  A black bear (D:6)
  A sky beast (D:5)
  A hornet zombie (D:5)
  An orc warrior (D:8)
  An ogre (D:6)
  9 centaurs
  4 kobold brigands
  A bullfrog (D:7)
  2 gnoll sergeants (D:10)
  A scorpion (D:4)
  A wyvern zombie (D:6)
  A wyvern skeleton (D:6)
  2 jellies
  2 water moccasin skeletons (D:5)
  10 killer bees
  11 wights (D:8)
  4 howler monkeys
  A bullfrog zombie (D:6)
  3 centaur zombies
  A hound (D:5)
  2 iguanas (D:6)
  6 orc priests
  2 centaur skeletons (D:4)
  Ijyb (D:3)
  3 orc wizards
  A hound zombie (D:5)
  A hound skeleton (D:4)
  3 mummies (Ossuary)
  9 adders
  10 gnolls
  A white imp (D:6)
  An ufetubus (D:6)
  An adder zombie (Ossuary)
  6 dart slugs
  34 orcs
  10 ball pythons
  3 bats
  3 endoplasms
  A giant cockroach (D:3)
  8 goblins
  7 hobgoblins
  7 jackals
  4 quokkas
  3 frilled lizards
  A gnoll zombie (Ossuary)
  7 goblin zombies (Ossuary)
  4 hobgoblin zombies (Ossuary)
  21 kobolds
  An orc zombie (Ossuary)
  2 quokka zombies (Ossuary)
  3 rats
  2 rat zombies (Ossuary)
253 creatures vanquished.

Vanquished Creatures (others)
  A plant (D:7)
1 creature vanquished.

Grand Total: 254 creatures vanquished

Notes
Turn   | Place    | Note
-------+----------+-------------------------------------------
     0 | D:1      | Ijustatesigmund the Gargoyle Gladiator began the quest for
                  | the Orb.
     0 | D:1      | Reached XP level 1. HP: 12/12 MP: 1/1
   112 | D:1      | Reached skill level 1 in Armour
   181 | D:1      | Reached XP level 2. HP: 13/17 MP: 2/2
   630 | D:1      | Reached XP level 3. HP: 21/22 MP: 3/3
  1633 | D:2      | Reached XP level 4. HP: 28/28 MP: 4/4
  2212 | D:3      | Found a faded altar of an unknown god.
  2222 | D:3      | Noticed Ijyb
  2495 | D:3      | Killed Ijyb
  2670 | D:3      | Reached XP level 5. HP: 23/32 MP: 5/5
  3254 | D:4      | Found an iron altar of Okawaru.
  3364 | D:4      | Found a staircase to the Ecumenical Temple.
  3371 | Temple   | Entered the Ecumenical Temple
  3492 | Temple   | Became a worshipper of Cheibriados the Contemplative
  3920 | D:4      | Reached skill level 1 in Invocations
  3920 | D:4      | Reached XP level 6. HP: 26/38 MP: 6/6
  4946 | D:5      | Entered Level 5 of the Dungeon
  4953 | D:5      | Reached * piety under Cheibriados
  5115 | D:5      | Reached XP level 7. HP: 17/44 MP: 8/8
  5880 | D:5      | Reached skill level 5 in Maces & Flails
  6035 | D:5      | Reached skill level 5 in Fighting
  6646 | D:6      | Reached XP level 8. HP: 46/49 MP: 6/10
  6694 | D:6      | Reached ** piety under Cheibriados
  6695 | D:6      | Reached skill level 5 in Armour
  7583 | D:6      | Noticed a wraith
  8384 | D:7      | Found a shimmering altar of Xom.
  8941 | D:7      | Reached skill level 5 in Invocations
  8995 | D:7      | Reached XP level 9. HP: 53/56 MP: 12/12
  9465 | D:8      | Found a sand-covered staircase.
  9470 | Ossuary  | Entered an ossuary
  9669 | Ossuary  | Reached *** piety under Cheibriados
 10581 | D:8      | Found a hide-covered altar of Uskayaw.
 10880 | D:8      | Reached **** piety under Cheibriados
 11955 | D:8      | Reached XP level 10. HP: 49/64 MP: 15/15
 12483 | D:9      | Found a staircase to the Lair.
 13308 | D:10     | Entered Level 10 of the Dungeon
 13369 | D:10     | Found a sparkling altar of Nemelex Xobeh.
 13453 | D:10     | Noticed Harold
 13850 | D:10     | Reached ***** piety under Cheibriados
 14612 | D:10     | Killed Harold
 14613 | D:10     | Reached XP level 11. HP: 66/71 MP: 17/17
 14798 | D:11     | Noticed a manticore
 14801 | D:11     | Killed a manticore
 14935 | D:11     | Identified the +5 falchion of Kirchysu {drain, Dex+2}
 14949 | D:10     | Reached skill level 10 in Fighting
 15097 | D:11     | Noticed a centaur warrior
 15100 | D:11     | Killed a centaur warrior
 15708 | D:11     | Noticed a centaur warrior
 15718 | D:11     | Killed a centaur warrior
 15719 | D:11     | Reached skill level 10 in Maces & Flails
 15896 | D:11     | Mangled by a gargoyle

Illustrated notes

Levels and vault maps discovered:
D:1:      dpeg_arrival_three_smaller_balls, layout_basic
D:2:      layout_loops_ring
D:3:      layout_rooms, hellmonk_ecumenical_altar_heavens_door, uniq_ijyb
D:4:      layout_basic, okawaru_gym_becter, temple_doors_ab,
          minmay_misc_feat_hallway, dk_noncrumbling_3
D:5:      layout_gridville, chequers_mini_garden
D:6:      layout_rooms
D:7:      layout_cave_pods, xom_teletrap_fun, serial_bayou_lagoon_a
D:8:      layout_basic, mainiacjoe_overflow_surrounded_room, enter_ossuary_2
D:9:      layout_cave_pools, dpeg_oklobed_lair
D:10:     layout_grid_maze, mainiacjoe_overflow_chevrons, uniq_harold
D:11:     dreamdust_isle_of_ice, layout_cave_pools
Temple:   mainiacjoe_temple_coin_purse

Skill      XL: |  1  2  3  4  5  6  7  8  9 10 11 |
---------------+----------------------------------+-----
Armour         | 1 2 3 4 6 7 8 |  8.3
Fighting       | 3 4 5 6 7 9 10 | 10.7
Maces & Flails | 4 5 6 7 9 10 | 10.1
Invocations    | 1 2 3 5 6 8 9 |  9.9
Throwing       | |  1.7
Dodging        | |  2.4

Action                   |  1- 3 |  4- 6 |  7- 9 | 10-12 || total
-------------------------+-------+-------+-------+-------++-------
Melee: Flail             |   115 |   209 |   461 |   203 ||   988
       Unarmed           |       |     6 |       |       ||     6
Throw: Throwing net      |       |     7 |     2 |       ||     9
       Dart              |       |       |     6 |     5 ||    11
Invok: Bend Time         |       |       |     5 |     2 ||     7
       Slouch            |       |       |       |     4 ||     4
Evoke: Wand              |       |       |       |     8 ||     8
  Use: Scroll            |     1 |     8 |    10 |     3 ||    22
       Potion            |       |       |       |     3 ||     3
 Stab: Held in net/web   |       |       |     1 |       ||     1
       Invisible         |       |       |       |     2 ||     2
Armor: Leather armour    |    61 |    43 |       |       ||   104
       Chain mail        |       |    99 |   359 |   183 ||   641
Dodge: Dodged            |    93 |   120 |   245 |   171 ||   629
Block: Other             |       |       |       |    48 ||    48
       Reflection        |       |       |       |     5 ||     5

Table legend: (Time is in decaauts)
 A = Elapsed time spent in this place.
 B = Non-inter-level travel time spent in this place.
 C = Inter-level travel time spent in this place.
 D = Time resting spent in this place.
 E = Time spent auto-exploring this place.
 F = Levels seen in this place.
 G = Mean time per level.
                   A        B        C        D        E       F      G
               +--------+--------+--------+--------+--------+-----+--------+
         Total |  18722 |  18198 |    524 |   5619 |  10019 |  13 | 1440.2 |
       Dungeon |  18174 |  17688 |    486 |   5453 |   9809 |  11 | 1652.2 |
        Temple |    138 |    100 |     38 |      0 |     86 |   1 |  138.0 |
       Ossuary |    409 |    409 |      0 |    166 |    123 |   1 |  409.0 |
               +--------+--------+--------+--------+--------+-----+--------+

Top non-repeatable levels by time:
     D:8: 3030 daAuts
    D:10: 2486 daAuts
     D:4: 2014 daAuts
     D:5: 1902 daAuts
     D:7: 1801 daAuts
     D:6: 1750 daAuts
     D:9: 1241 daAuts
     D:1: 1203 daAuts
     D:2: 1102 daAuts
     D:3: 859 daAuts
    D:11: 784 daAuts
 Ossuary: 409 daAuts
  Temple: 138 daAuts
